 Dungeon Crawl Stone Soup version 0.31-a0-654-gbe3e110b4e (webtiles) character file.

Game seed: 8344892743607430260

122 spiderkeys the Shield-Bearer (level 4, -1/38 HPs)
             Began as a Demigod Fighter on Aug 29, 2023.
             Killed by divine providence
             ... invoked by an orc priest
              (16 damage)
             ... on level 4 of the Dungeon.
             The game lasted 00:02:40 (1020 turns).

spiderkeys the Shield-Bearer (Demigod Fighter)      Turns: 1020, Time: 00:02:41

Health: -1/38      AC:  9    Str: 21    XL:     4   Next: 50%
Magic:  6/6        EV:  9    Int: 10    God:
Gold:   76         SH:  5    Dex: 13    Spells: 3/3 levels left

rFire   . . .        a - +1 war axe
rCold   . . .        c - +0 buckler
rNeg    . . .        b - +0 scale mail
rPois   .            (no helmet)
rElec   .            (no cloak)
rCorr   .            l - +0 pair of gloves
SInv    .            h - +0 pair of boots
Will    .....        (no amulet) Stlth
                     (no ring)
HPRegen 0.26/turn    (no ring)
MPRegen 0.10/turn

%: no passive effects
@: no status effects
A: high MP 1, forlorn, divine attributes
a: no special abilities


You were on level 4 of the Dungeon.
You visited 1 branch of the dungeon, and saw 3 of its levels.

You collected 76 gold pieces.


Innate Abilities, Weirdness & Mutations

You have an increased reservoir of magic. (+10% MP)
You shall have no god before yourself.
Your divine heritage dramatically boosts your attributes as you level up.


   Skills:
 + Level 3.4 Fighting
 + Level 2.7 Axes
 + Level 3.4 Armour
 + Level 3.4 Shields


You had 3 spell levels left.
You didn't know any spells.
Your spell library contained the following spells:

 Spells                   Type           Power      Damage    Failure   Level
 Cigotuvi's Dreadful Rot  Necr/Pois/Air  0%         N/A       88%         2
 Ignite Poison            Fire/Tmut/Pois 0%         N/A       98%         3
 Ozocubu's Armour         Ice            0%         N/A       98%         3
 Freezing Cloud           Conj/Ice/Air   0%         6-21      100%        5
 Ozocubu's Refrigeration  Ice            0%         4d7       100%        7

Inventory:

Hand Weapons
 a - a +1 war axe (weapon)
Missiles
 e - 25 stones
 f - 6 poisoned darts
Armour
 b - a +0 scale mail (worn)
 c - a +0 buckler (worn)
 h - a +0 pair of boots (worn)
   (You found it on level 2 of the Dungeon)
 l - a +0 pair of gloves (worn)
   (You found it on level 1 of the Dungeon)
Scrolls
 j - a scroll of vulnerability {!r!r}
Potions
 d - a potion of might
 g - a potion of cancellation

Dungeon Overview and Level Annotations

Branches:
Dungeon (2/15) Zot: 16922

#######
############......
#...ooo)o.......#
######o######........#
.......)@# #........##.
.............+l..........
#####....#####...o....##.
#..... ..##..........
.............o..######
..#........###...#
........### #...#
......... #...######
#.........


You could see an orc priest.


Message History

An orc priest and an orc come into view.
Found an escape hatch in the floor.
The orc shouts!
An adder comes into view.
The adder hisses angrily.
Unknown command.
You open the door. The adder bites you but does no damage.
There is an open door here.
The adder attacks as it pursues you! You block the adder's attack.
The adder barely misses you. You block the adder's attack.
You block the adder's attack. The adder attacks as it pursues you!
The adder bites you but does no damage. The adder attacks as it pursues you!
The adder bites you but does no damage. The adder bites you but does no damage.
You hit the adder but do no damage. The adder bites you but does no damage.
The orc priest casts a cantrip, but nothing happens.
You block the adder's attack.
Okay, then.
As you read the scroll labelled FIFEUB QIYNO, it crumbles to dust.
It is a scroll of identify.
j - a scroll of vulnerability The adder bites you but does no damage.
As you read the scroll labelled XIUCUP GESSO, it crumbles to dust.
It is a scroll of enchant weapon.
Your +0 war axe glows red for a moment.
The adder closely misses you.
The iguana hisses menacingly.
The adder bites you but does no damage.
You barely miss the adder. The adder bites you but does no damage.
You hit the adder. The adder bites you but does no damage.
The adder bites you. 😕 HP[-1]
You take 1 damage, and now have 30/31 hp.
You slash the adder!
You kill the adder! 😎 HP[+1]
Your hp is fully restored (31).
You completely miss the orc. The orc misses you. The orc closely misses you.
You hit the orc. The orc hits you but does no damage.
You slash the orc!
You kill the orc!
An orc priest comes into view. It is wielding a +0 falchion.
The orc priest miscasts a cantrip.
The iguana attacks as it pursues you! The iguana barely misses you.
The iguana attacks as it pursues you! The iguana closely misses you.
You barely miss the iguana. The iguana closely misses you.
The iguana bites you! 😮 HP[-9]
You take 9 damage, and now have 22/31 hp.
MASSIVE DAMAGE!! (PAUSE)
You slash the iguana! You block the iguana's attack.
You hit the iguana. The iguana barely misses you.
You hit the iguana but do no damage. The iguana closely misses you.
The iguana bites you but does no damage. 😮 HP[+1]
You hit the iguana. The iguana closely misses you.
You slash the iguana!
You kill the iguana!
The orc closely misses you.
You have reached level 4! 😕 HP[+6] MP[+1]
You now have 38 max hp (+7).
You regained 6 hp, and now have 29/38 hp.
Your mp is fully restored (6).
You slash the orc!
You kill the orc!
You closely miss the orc priest.
The orc priest looks satisfied for a moment.
The orc barely misses you. 😕 HP[+1]
You closely miss the orc priest. You hit the orc.
The orc priest miscasts a cantrip.
The orc hits you with a +0 club. 😮 HP[-4]
You take 4 damage, and now have 26/38 hp.
You slash the orc priest! You hit the orc.
The orc priest hits you but does no damage.
The orc barely misses you.
The orc priest calls down the wrath of Beogh upon you.
Pain shoots through your body!
* * * LOW HITPOINT WARNING * * *
The orc hits you with a +0 club.
* * * LOW HITPOINT WARNING * * *
😨 HP[-13]
You take 13 damage, and now have 13/38 hp.
MASSIVE DAMAGE!! (PAUSE)
You slash the orc priest!
You kill the orc priest!
You hit the orc.
The orc priest looks satisfied for a moment. 😨 HP[+1]
You hit the orc priest. You closely miss the orc. The orc closely misses you.
You block the orc priest's attack.
You barely miss the orc priest. You hit the orc.
The orc hits you but does no damage. You block the orc priest's attack.
The orc completely misses you. The orc priest closely misses you.
You closely miss the orc priest. You hit the orc.
You kill the orc!
The orc priest calls down the wrath of Beogh upon you.
Beogh smites you!
You die...

Skill      XL: |  1  2 |
---------------+-------+-----
Axes           | 2 |  2.7
Fighting       | 3 |  3.4
Armour         | 3 |  3.4
Shields        | 3 |  3.4

Action                     |  1- 3 |  4- 6 || total
---------------------------+-------+-------++-------
  Melee: War axe           |   124 |     8 ||   132
    Use: Potion            |     3 |       ||     3
         Scroll            |     2 |       ||     2
 Armour: Scale mail        |    86 |     2 ||    88
  Dodge: Dodged            |    66 |     5 ||    71
  Block: Buckler           |    43 |     2 ||    45

Levels and vault maps discovered:
D:1:      dpeg_arrival_rhombi, layout_rooms, shapermc_ecumenical_altar_gd,
          kennysheep_crisscross
D:2:      layout_rooms
D:4:      layout_basic, mainiacjoe_overflow_cross_hatched

Notes
Turn   | Place    | Note
-------+----------+-------------------------------------------
     0 | D:1      | spiderkeys the Demigod Fighter began the quest for the Orb.
     0 | D:1      | Reached XP level 1. HP: 18/18 MP: 3/3
     0 | D:1      | magus.rc [v1.11.6]
    89 | D:1      | You add the spells Ozocubu's Armour and Ozocubu's
                  | Refrigeration to your library.
   128 | D:1      | Reached skill level 2 in Axes
   175 | D:1      | Reached XP level 2. HP: 25/25 MP: 4/4
   196 | D:1      | You add the spells Cigotuvi's Dreadful Rot, Ignite Poison
                  | and Freezing Cloud to your library.
   368 | D:1      | Reached skill level 3 in Fighting
   368 | D:1      | Reached skill level 3 in Armour
   441 | D:1      | Reached skill level 3 in Shields
   609 | D:2      | HP: 6/26 [poisoned by an adder]
   611 | D:2      | HP: 2/26 [adder (2)]
   619 | D:2      | Reached XP level 3. HP: 10/31 MP: 5/5
   942 | D:2      | You fall into a shaft and drop 2 floors!
  1013 | D:4      | Reached XP level 4. HP: 29/38 MP: 6/6
  1020 | D:4      | Killed from afar by an orc priest

Vanquished Creatures
  An orc priest (D:4)
  An iguana (D:4)
  2 adders
  A dart slug (D:2)
  3 orcs (D:4)
  6 bats
  5 endoplasms
  2 giant cockroaches
  4 goblins
  4 hobgoblins (D:1)
  2 jackals (D:1)
  A quokka (D:1)
  3 ball pythons
  3 frilled lizards
  5 rats
43 creatures vanquished.

Table legend:
 A = Non-vault XP
 B = Vault XP
 C = Vault XP percentage of total XP
 D = Non-vault monster count
 E = Vault monster count
 F = Vault count percentage of total count
                 A         B        C        D         E       F
            +---------+---------+-------+---------+---------+-------
      Total |     178 |       0 |   0.0 |      43 |       0 |   0.0
            +---------+---------+-------+---------+---------+-------
        D:1 |      36 |       0 |   0.0 |      21 |       0 |   0.0
        D:2 |      38 |       0 |   0.0 |      16 |       0 |   0.0
        D:4 |     104 |       0 |   0.0 |       6 |       0 |   0.0
            +---------+---------+-------+---------+---------+-------

Skill      XL: |  1  2 |
---------------+-------+-----
Axes           | 2 |  2.7
Fighting       | 3 |  3.4
Armour         | 3 |  3.4
Shields        | 3 |  3.4

Action                     |  1- 3 |  4- 6 || total
---------------------------+-------+-------++-------
  Melee: War axe           |   124 |     8 ||   132
    Use: Potion            |     3 |       ||     3
         Scroll            |     2 |       ||     2
 Armour: Scale mail        |    86 |     2 ||    88
  Dodge: Dodged            |    66 |     5 ||    71
  Block: Buckler           |    43 |     2 ||    45

Illustrated notes

Table legend:
 A = Kills in this place as a percentage of kills in the entire game.
 B = Kills by you in this place as a percentage of kills by you in the entire game.
 C = Kills by friends in this place as a percentage of kills by friends in the entire game.
 D = Other kills in this place as a percentage of other kills in the entire game.
 E = Experience gained in this place as a percentage of experience gained in the entire game.
 F = Experience gained in this place divided by the number of levels of this place that you have seen.
                   A       B       C       D       E      F
               +-------+-------+-------+-------+-------+----------------------
         Total | 100.0 | 100.0 |   N/A |   N/A | 100.0 |  59.3
       Dungeon | 100.0 | 100.0 |   N/A |   N/A | 100.0 |  59.3
               +-------+-------+-------+-------+-------+----------------------

Table legend: (Time is in decaauts)
 A = Elapsed time spent in this place.
 B = Non-inter-level travel time spent in this place.
 C = Inter-level travel time spent in this place.
 D = Time resting spent in this place.
 E = Time spent auto-exploring this place.
 F = Levels seen in this place.
 G = Mean time per level.
                   A        B        C        D        E       F      G
               +--------+--------+--------+--------+--------+-----+--------+
         Total |   1075 |   1049 |     26 |     58 |    622 |   3 |  358.3 |
       Dungeon |   1075 |   1049 |     26 |     58 |    622 |   3 |  358.3 |
               +--------+--------+--------+--------+--------+-----+--------+

Top non-repeatable levels by time:
     D:1: 611 daAuts
     D:2: 378 daAuts
     D:4: 86 daAuts
